 Dungeon Crawl Stone Soup version 0.32-a0-999-gfa1cc04b1d (webtiles) character file.

Game seed: 1067661860570100056

6958 DryNick the Cleaver (level 11, 0/86 HPs)
             Began as a Coglin Berserker on Apr 25, 2024.
             Was an Elder of Trog.
             Slain by a yak (4 damage)
             ... on level 9 of the Dungeon.
             The game lasted 00:25:26 (9490 turns).

DryNick the Cleaver (Coglin Berserker)              Turns: 9490, Time: 00:25:27

Health: 0/86       AC: 11    Str: 24    XL:     11   Next: 7%
Magic:  11/11      EV: 13    Int:  7    God:    Trog [****..]
Gold:   276        SH:  0    Dex: 13    Spells: 10/10 levels left

rFire   . . .        c - +3 hammer (drain) {Mishil}
rCold   . . .        s - +3 hammer {Sanghe}
rNeg    + . .        H - +4 leather armour of Grace {rPois rN+ rCorr Str+2}
rPois   +            B - +1 helmet
rElec   .            (no cloak)
rCorr   +            z - +0 pair of gloves
SInv    .            (no boots)
Will    .....        (amulet unavailable)
Stlth   +            (ring unavailable)
HPRegen 0.34/turn    (ring unavailable)
MPRegen 0.12/turn    (no gizmo)

%: no passive effects
@: on berserk cooldown, slowed, revved, very slow
A: off-hand wielding, slow wielding, warmup strikes, no jewellery
a: Invent Gizmo, Renounce Religion, Berserk, Trog's Hand, Brothers in Arms


You were on level 9 of the Dungeon.
You worshipped Trog.
Trog was greatly pleased with you.
You visited 2 branches of the dungeon, and saw 10 of its levels.

You collected 795 gold pieces.
You spent 519 gold pieces at shops.

Inventory:

Hand Weapons
 a - a +0 hand axe {Anan}
 c - a +3 hammer of draining (weapon) {Mishil}
 s - a +3 hammer (offhand) {Sanghe}
 J - a +1 whip of freezing
Missiles
 d - 3 silver javelins (quivered)
 e - 90 stones
 w - 34 poisoned darts
 I - 2 curare-tipped darts
Armour
 u - +0 steam dragon scales
 z - a +0 pair of gloves (worn)
 B - a +1 helmet (worn)
 H - the +4 leather armour of Grace (worn) {rPois rN+ rCorr Str+2}
   (You bought it in a shop on level 6 of the Dungeon)

   Str+2:     It affects your strength (+2).
   rPois:     It protects you from poison.
   rN+:       It protects you from negative energy.
   rCorr:     It protects you from acid and corrosion.
Wands
 o - a wand of light (3)
 E - a wand of charming (5)
Scrolls
 b - a scroll of enchant weapon
 h - a scroll of butterflies
 i - 3 scrolls of teleportation
 j - a scroll of acquirement {unknown}
 n - 2 scrolls of vulnerability
 q - 5 scrolls of poison
 r - a scroll of amnesia {unknown}
 t - a scroll of blinking {unknown}
 v - 3 scrolls of enchant armour
 y - a scroll of fear
 C - a scroll of torment {unknown}
 D - 2 scrolls of silence
 G - a scroll of revelation {unknown}
 L - a scroll of fog {unknown}
Potions
 f - a potion of heal wounds {unknown}
 g - 2 potions of curing {unknown}
 k - 2 potions of haste {unknown}
 l - 4 potions of might
 m - 3 potions of berserk rage
 p - a potion of brilliance {unknown}
 x - 2 potions of enlightenment {unknown}
 A - 2 potions of degeneration {unknown}
 F - 3 potions of mutation {unknown}
 K - 2 potions of cancellation {unknown}
 M - a potion of ambrosia {unknown}


   Skills:
 + Level 8.1 Fighting
 * Level 10.8 Axes
 + Level 7.0 Armour
 + Level 7.0 Dodging
 + Level 3.2 Evocations


You had 10 spell levels left.
You didn't know any spells.
Your spell library was empty.

Dungeon Overview and Level Annotations

Branches:
Dungeon (9/15)             Temple (1/1) D:5            Lair (0/5) D:9
    Orc: D:9-12

Altars:
Dithmenos
Elyvilon
Fedhas
Gozag
Kikubaaqudgha
Makhleb
Okawaru
Qazlal
Ru
Sif Muna
Trog
Uskayaw
Vehumet
Wu Jian
Yredelemnul
Zin
The Shining One
Lugonu

Shops:
D:1 *   D:6 [

Annotations:
D:2 1 runed translucent door, Crazy Yiuf
D:3 2 runed translucent doors, b0ghi87's ghost, amateur DjCj
D:6 1 runed translucent door, mertasd123's ghost, novice MiGl


Innate Abilities, Weirdness & Mutations

You can wield a second weapon in your off-hand.
It takes a long time for you to wield or remove held weapons.
Your first few attacks do less damage.
You cannot equip rings or amulets.


Message History

Trog accepts your kill. The yak gores you but does no damage.
The yak gores you.
* * * LOW HITPOINT WARNING * * *
The yak gores you but does no damage. The yak closely misses you.
Things that are here:
a +0 whip; a +0 leather armour You sock the yak with your +3 hammer of draining!
You kill the yak!
Trog accepts your kill.
The yak snorts and paws the ground.
Your Evocations skill increases to level 3!
You sock the yak with your +3 hammer!
The yak is heavily wounded.
You completely miss the yak with your +3 hammer of draining.
You feel a little less mighty now. The yak gores you.
* * * LOW HITPOINT WARNING * * *
The yak barely misses you.
You hit the yak but do no damage.
The yak is heavily wounded.
You hit the yak with your +3 hammer of draining.
You drain the yak. You sock the yak with your +3 hammer!
You kill the yak!
Trog accepts your kill.
You are no longer berserk.
You are exhausted.
You feel yourself slow down. The yak gores you but does no damage.
The yak gores you!
* * * LOW HITPOINT WARNING * * *
The yak closely misses you.
Your Armour skill increases to level 7!
Your Dodging skill increases to level 7!
Okay, then.
The yak attacks as it pursues you! The yak misses you.
The yak attacks as it pursues you! The yak gores you but does no damage.
The yak gores you.
* * * LOW HITPOINT WARNING * * *
The yak gores you.
You die...

#...# ##..# #...# #..#
#...# ...# #...# #..#
##...# #..# #...# #..#
.....######..# #...#
#..# .............#
#...# #..#
##...........# #...#
#..###
#...........#######...#
#.....
##.....................#
#.....
#..............Y@......#
#.....
.............†)YY......#
#.....
...............)o......#
#.....
~###...................#
#..... #
..#..................#
#.....
.⌠.#..................#
#.....
#...#..................#
#..... ~##
...................#
#...<. ................#
#.....


You could see 3 yaks and an orc.

Vanquished Creatures
  Pikel (D:6)
  A troll (D:8)
  Prince Ribbit (D:6)
  A hornet (D:7)
  A wyvern (D:9)
  9 yaks
  A basilisk (D:9)
  An acid dragon (D:8)
  4 water moccasins
  3 black bears
  4 ice beasts
  4 orc warriors
  3 ogres
  3 centaurs
  A lemure (D:6)
  2 kobold brigands (D:6)
  Blork the orc (D:6)
  2 bullfrogs
  5 scorpions
  3 wights (D:9)
  9 killer bees (D:9)
  An electric eel (D:7)
  A howler monkey (D:8)
  2 jellies
  7 orc priests
  A bombardier beetle (D:6)
  2 hounds
  A gnoll bouda (D:7)
  2 iguanas
  8 orc wizards
  7 gnolls
  14 adders
  A white imp (D:5)
  3 ufetubi
  4 dart slugs
  4 ribbon worms
  24 orcs
  12 ball pythons
  6 bats
  11 endoplasms
  8 giant cockroaches
  13 goblins
  9 hobgoblins
  5 jackals
  10 quokkas
  3 frilled lizards
  19 kobolds
  7 rats
245 creatures vanquished.

Vanquished Creatures (others)
  An orc (D:7)
1 creature vanquished.

Grand Total: 246 creatures vanquished

Notes
Turn   | Place    | Note
-------+----------+-------------------------------------------
     0 | D:1      | DryNick the Coglin Berserker began the quest for the Orb.
     0 | D:1      | Reached XP level 1. HP: 18/18 MP: 1/1
    32 | D:1      | Reached XP level 2. HP: 21/24 MP: 2/2
   221 | D:1      | Reached XP level 3. HP: 29/29 MP: 3/3
   242 | D:1      | Reached ** piety under Trog
   353 | D:1      | Found Hoetaetiv's Assorted Antiques.
   871 | D:2      | Reached XP level 4. HP: 28/35 MP: 4/4
  1464 | D:2      | Reached *** piety under Trog
  1489 | D:2      | Reached XP level 5. HP: 42/42 MP: 5/5
  1887 | D:2      | Found a runed translucent door.
  1918 | D:2      | Noticed Crazy Yiuf
  2215 | D:3      | Reached skill level 4 in Axes
  2235 | D:3      | Found a glowing golden altar of the Shining One.
  2442 | D:3      | Found a large runed translucent door.
  2443 | D:3      | Found a large runed translucent door.
  2712 | D:3      | Noticed b0ghi87's ghost (amateur DjCj)
  2799 | D:4      | Reached XP level 6. HP: 48/48 MP: 6/6
  3036 | D:4      | Found a basalt altar of Yredelemnul.
  3092 | D:4      | Found an ancient bone altar of Kikubaaqudgha.
  3416 | D:4      | Reached skill level 5 in Axes
  3417 | D:4      | Reached **** piety under Trog
  3418 | D:4      | Reached XP level 7. HP: 43/55 MP: 7/7
  3841 | D:4      | Found a bloodstained altar of Trog.
  4029 | D:5      | Entered Level 5 of the Dungeon
  4233 | D:5      | Found a staircase to the Ecumenical Temple.
  4270 | Temple   | Entered the Ecumenical Temple
  4281 | D:5      | Found a shadowy altar of Dithmenos.
  4565 | D:5      | Reached skill level 5 in Fighting
  4565 | D:5      | Reached skill level 6 in Axes
  4565 | D:5      | Reached XP level 8. HP: 53/62 MP: 8/8
  4789 | D:6      | Found Rifongan's Armour Shop.
  4789 | D:6      | Noticed Prince Ribbit
  4824 | D:6      | Killed Prince Ribbit
  4870 | D:6      | Bought the +4 leather armour of Grace {rPois rN+ rCorr
                  | Str+2} for 519 gold pieces
  5030 | D:6      | Reached skill level 7 in Axes
  5185 | D:6      | Noticed Pikel
  5188 | D:6      | Noticed Blork the orc
  5200 | D:6      | Killed Pikel
  5201 | D:6      | Reached skill level 5 in Armour
  5201 | D:6      | Reached skill level 5 in Dodging
  5201 | D:6      | Reached XP level 9. HP: 34/69 MP: 9/9
  5206 | D:6      | Killed Blork the orc
  5278 | D:6      | Found a runed translucent door.
  5283 | D:6      | Noticed mertasd123's ghost (novice MiGl)
  5338 | D:6      | Reached skill level 8 in Axes
  6567 | D:7      | Noticed a hornet
  6569 | D:7      | Paralysed by a hornet for 3 turns
  6575 | D:7      | Killed a hornet
  6896 | D:7      | Reached skill level 9 in Axes
  7374 | D:8      | Found a shimmering blue altar of Sif Muna.
  7418 | D:8      | Reached XP level 10. HP: 77/77 MP: 10/10
  8519 | D:8      | Reached skill level 10 in Axes
  8615 | D:8      | Found a sacrificial altar of Ru.
  8825 | D:9      | Reached skill level 1 in Evocations
  8954 | D:9      | Found a stormy altar of Qazlal.
  9429 | D:9      | Found a staircase to the Lair.
  9479 | D:9      | Reached XP level 11. HP: 50/86 MP: 11/11
  9490 | D:9      | HP: 4/86 [yak (5)]
  9490 | D:9      | Slain by a yak

Illustrated notes

Levels and vault maps discovered:
D:1:      erik_arrival_orb_chamber, layout_loops_ring, serial_shops,
          nicolae_diamond_shop
D:2:      minmay_thinvault, layout_loops_ring, uniq_crazy_yiuf_cottage
D:3:      layout_basic, mainiacjoe_overflow_tiny_flanked,
          ebering_ghost_disaster_area
D:4:      minmay_polygon_palace, layout_basic, old_standard_altar,
          mainiacjoe_overflow_24_doors, nicolae_kikubaaqudgha_miasma_corner
D:5:      layout_rooms, nicolae_dithmenos_shadow_blocks, temple_fountains
D:6:      layout_basic, ebering_ghost_reflecting_pool, serial_shops, shop,
          uniq_blork_the_orc, uniq_prince_ribbit1, uniq_pikel
D:7:      layout_rooms, hangedman_decor_peaks_small, fountainhead,
          eino_curves_01, kennysheep_generic_room_5
D:8:      layout_loops_corners, mainiacjoe_overflow_six_doors_small,
          amcnicky_altar_gilded
D:9:      layout_long_grid, nicolae_qazlal_scattered_showers,
          david_lair_generic, orc_0_dummy, fountainhead
Temple:   corrupted_temple

Skill      XL: |  1  2  3  4  5  6  7  8  9 10 11 |
---------------+----------------------------------+-----
Armour         | 2 3 4 5 6 7 |  7.0
Dodging        | 2 3 4 5 6 7 |  7.0
Axes           | 4 5 6 7 9 10 | 10.8
Fighting       | 4 5 6 8 |  8.1
Evocations     | 2 3 |  3.2

Action                     |  1- 3 |  4- 6 |  7- 9 | 10-12 || total
---------------------------+-------+-------+-------+-------++-------
  Melee: Hand axe          |    73 |    64 |       |       ||   137
         Dagger            |    28 |       |       |       ||    28
         Whip              |    35 |    61 |       |       ||    96
         Mace              |       |   131 |   368 |   277 ||   776
 Invoke: Berserk           |       |       |     5 |     5 ||    10
         Trog's Hand       |       |       |     2 |     4 ||     6
    Use: Scroll            |       |     1 |     7 |     3 ||    11
         Potion            |       |       |       |     1 ||     1
   Stab: Sleeping          |     1 |     1 |       |       ||     2
 Armour: Animal skin       |    37 |    12 |       |       ||    49
         Scale mail        |       |    35 |       |       ||    35
         Steam dragon scal |       |    38 |    22 |       ||    60
         Leather armour    |       |       |   159 |   151 ||   310
  Dodge: Dodged            |    67 |    65 |   169 |   158 ||   459

Table legend: (Time is in decaauts)
 A = Elapsed time spent in this place.
 B = Non-inter-level travel time spent in this place.
 C = Inter-level travel time spent in this place.
 D = Time resting spent in this place.
 E = Time spent auto-exploring this place.
 F = Levels seen in this place.
 G = Mean time per level.
                   A        B        C        D        E       F      G
               +--------+--------+--------+--------+--------+-----+--------+
         Total |   9663 |   9459 |    204 |    970 |   6598 |  10 |  966.3 |
       Dungeon |   9661 |   9457 |    204 |    970 |   6598 |   9 | 1073.4 |
        Temple |      1 |      1 |      0 |      0 |      0 |   1 |    1.0 |
               +--------+--------+--------+--------+--------+-----+--------+

Top non-repeatable levels by time:
     D:6: 1523 daAuts
     D:8: 1467 daAuts
     D:4: 1424 daAuts
     D:2: 1347 daAuts
     D:7: 1043 daAuts
     D:1: 832 daAuts
     D:9: 747 daAuts
     D:5: 654 daAuts
     D:3: 621 daAuts
  Temple: 1 daAuts
